Map: Terraform LE (Void)

Players

ImotoFantasy - Winner!

  • Race: Protoss Protoss
  • League: Platinum

MonkeyDLuffy

  • Race: Zerg Zerg
  • League: Platinum

VOD

Have the link to the VOD?

Description

Time

  • Played on: Oct. 30, 2015, 11:24 p.m.
  • Length: 6:36
Show
View Real Time Build Order
Export as new Build Order

ImotoFantasy Protoss - Winner!

Build Orders:  

Get SALT Encoding   

  12  0:01  Probe (Chrono Boost)  
  13  0:12  Probe (Chrono Boost)  
  14  0:21  Pylon  
  14  0:24  Probe (Chrono Boost)  
  15  0:39  Probe (Chrono Boost)  
  17  0:50  Probe (Chrono Boost)  
  17  1:00  Probe (Chrono Boost)  
  18  1:07  Nexus  
  18  1:11  Probe (Chrono Boost)  
  19  1:21  Probe (Chrono Boost)  
  20  1:30  Gateway  
  20  1:36  Pylon  
  20  1:37  Probe (Chrono Boost)  
  21  1:44  Assimilator  
  21  1:46  Assimilator  
  21  1:48  Probe (Chrono Boost)  
  22  1:58  Probe (Chrono Boost)  
  23  2:11  Probe (Chrono Boost)  
  24  2:19  Probe (Chrono Boost)  
  24  2:20  Zealot  
  24  2:21  Cybernetics Core, Probe (Chrono Boost)  
  28  2:30  Probe (Chrono Boost)  
  28  2:35  Probe (Chrono Boost)  
  30  2:40  Probe (Chrono Boost)  
  31  2:46  Probe (Chrono Boost)  
  33  2:51  Probe (Chrono Boost)  
  33  2:56  Probe (Chrono Boost)  
  34  2:59  Warp Gate  
  34  3:02  Mothership Core (Chrono Boost)  
  34  3:03  Pylon  
  36  3:07  Probe (Chrono Boost)  
  36  3:08  Nexus  
  37  3:14  Pylon  
  37  3:19  Probe (Chrono Boost)  
  38  3:20  Probe (Chrono Boost)  
  38  3:22  Assimilator  
  38  3:26  Stargate  
  39  3:31  Probe x2 (Chrono Boost)  
  41  3:36  Assimilator  
  41  3:41  Probe (Chrono Boost)  
  41  3:42  Probe (Chrono Boost)  
  43  3:49  Pylon  
  43  3:52  Probe x2 (Chrono Boost)  
  45  4:02  Probe (Chrono Boost)  
  46  4:03  Probe (Chrono Boost)  
  46  4:06  Pylon  
  47  4:10  Phoenix (Chrono Boost)  
  47  4:12  Forge  
  47  4:13  Probe  
  47  4:15  Probe  
  51  4:18  Probe  
  52  4:27  Fleet Beacon  
  52  4:29  Probe  
  53  4:32  Probe, Phoenix (Chrono Boost)  
  53  4:33  Probe  
  57  4:40  Probe  
  57  4:43  Probe  
  57  4:45  Probe  
  60  4:47  Photon Cannon  
  60  4:50  Probe  
  60  4:52  Pylon  
  61  4:53  Probe  
  61  4:54  Phoenix (Chrono Boost)  
  64  5:02  Photon Cannon  
  64  5:13  Stargate  
  64  5:14  Pylon  
  64  5:15  Phoenix (Chrono Boost)  
  64  5:17  Probe x2  
  64  5:19  Probe  
  69  5:27  Probe  
  69  5:28  Probe  
  69  5:30  Pylon  
  69  5:31  Probe  
  69  5:34  Photon Cannon  
  69  5:35  Photon Cannon  
  72  5:38  Photon Cannon  
  72  5:41  Photon Cannon  
  72  5:43  Pylon  
  72  5:46  Zealot  
  70  6:03  Photon Cannon  
  81  6:17  Photon Cannon  
  77  6:19  Photon Cannon  
Show
View Real Time Build Order
Export as new Build Order

MonkeyDLuffy Zerg 

Build Orders: Hatch First 

Get SALT Encoding   

  12  0:01  Drone  
  13  0:08  Drone  
  14  0:19  Overlord  
  14  0:28  Extractor x2  
  14  0:29  Drone x2  
  16  0:38  Drone  
  17  0:44  Drone  
  18  0:57  Hatchery  
  18  1:00  Drone  
  18  1:13  Spawning Pool  
  18  1:15  Drone  
  18  1:36  Hatchery  
  18  1:39  Drone  
  18  1:41  Extractor  
  18  1:43  Drone  
  18  1:47  Drone  
  19  2:05  Queen  
  19  2:06  Zergling x2  
  22  2:10  Queen  
  24  2:16  Overlord  
  24  2:21  Drone  
  25  2:24  Drone  
  25  2:28  Drone  
  27  2:32  Drone  
  27  2:36  Drone x2  
  30  2:43  Metabolic Boost  
  30  2:51  Queen  
  30  2:56  Drone  
  33  2:59  Drone x2  
  33  3:04  Drone x2  
  37  3:14  Roach Warren  
  37  3:15  Evolution Chamber  
  37  3:19  Overlord  
  35  3:25  Queen  
  37  3:34  Overlord x2  
  37  3:43  Zerg Missile Weapons Level 1  
  37  3:48  Extractor  
  37  3:49  Drone  
  37  3:50  Drone x4  
  41  3:58  Drone x3  
  41  3:59  Drone  
  41  4:01  Drone  
  46  4:07  Drone x3  
  49  4:20  Drone x7  
  56  4:29  Overlord x2  
  56  4:30  Overlord  
  56  4:36  Overlord x2  
  56  4:49  Roach x6  
  68  4:53  Roach  
  68  4:54  Roach  
  68  4:59  Roach  
  78  5:00  Roach x2  
  78  5:02  Roach  
  78  5:04  Roach  
  78  5:06  Roach  
  84  5:09  Overlord  
  84  5:10  Overlord  
  84  5:17  Roach x3  
  90  5:28  Zergling x16  
  98  5:31  Ravager  
  99  5:36  Ravager  
  99  5:38  Zergling x6  
  99  5:39  Zergling x6  
  102  5:58  Roach x3  
  101  6:09  Roach x4  
  101  6:12  Zergling x10  
  101  6:13  Overlord x2  
Tags
 
Add a new tag
Caveats
  • Supply blocks, unpowered buildings, or Contaminate may cause inaccurate times.
  • Supply counts are checked every 10 seconds.